 Dungeon Crawl Stone Soup version 0.23.2-11-gf996548 (webtiles) character file.

Game seed: 9667279455593281990

2853 Fang the Skirmisher (level 9, -2/59 HPs)
             Began as a Gargoyle Berserker on June 6, 2019.
             Was a High Priest of Trog.
             Killed by divine providence
             ... invoked by an orc priest
              (14 damage)
             ... on level 8 of the Dungeon.
             The game lasted 00:08:25 (7322 turns).

Fang the Skirmisher (Gargoyle Berserker)            Turns: 7322, Time: 00:08:25

Health: -2/59      AC: 17    Str: 24    XL:     9   Next: 75%
Magic:  9/9        EV: 10    Int: 11    God:    Trog [*****.]
Gold:   575        SH:  0    Dex:  9    Spells: 8/8 levels left

rFire    . . .     SeeInvis .   a - +0 war axe
rCold    . . .     Gourm    .   (no shield)
rNeg     + . .     Faith    .   b - +0 chain mail
rPois    ∞         Spirit   .   (no helmet)
rElec    +         Reflect  .   (no cloak)
rCorr    .         Harm     .   (no gloves)
MR       .....                  (no boots)
Stlth    ..........             (no amulet)
HPRegen  0.19/turn              o - +3 ring of intelligence
MPRegen  0.11/turn              (no ring)

@: berserk cooldown, slowed, very slow
A: negative energy resistance 1, electricity resistance, unbreathing,
petrification resistance, rot immunity, AC +6
a: Berserk, Trog's Hand, Brothers in Arms, Renounce Religion


You were on level 8 of the Dungeon.
You worshipped Trog.
Trog was extremely pleased with you.
You were hungry.

You visited 2 branches of the dungeon, and saw 9 of its levels.
You also visited: Sewer.

You collected 575 gold pieces.

Inventory:

Hand Weapons
 a - a +0 war axe (weapon)
Armour
 b - a +0 chain mail (worn)
Jewellery
 o - a +3 ring of intelligence (left hand)
 y - the ring "Xogiriss" {Wiz Str+4 Slay+2 Stlth+, unknown}
   (You found it on level 7 of the Dungeon)

   [ring of wizardry]

   It improves your spell success rate.
   It affects your strength (+4).
   It affects your accuracy and damage with ranged weapons and melee attacks
   (+2).
   It makes you more stealthy.
Wands
 s - a wand of flame (21)
 w - a wand of random effects (20)
Scrolls
 d - 2 scrolls of enchant weapon {unknown}
 f - 4 scrolls of fog {unknown}
 h - a scroll of enchant armour {unknown}
 j - 7 scrolls of identify {unknown}
 l - 5 scrolls of teleportation {unknown}
 q - 2 scrolls of immolation {unknown}
 v - 2 scrolls of remove curse {unknown}
 x - a scroll of blinking {unknown}
Potions
 e - 4 potions of haste
 g - 2 potions of heal wounds {unknown}
 i - 4 potions of might {unknown}
 k - a potion of cancellation {unknown}
 m - a potion of agility
 n - 3 potions of curing {unknown}
 p - 4 potions of flight {unknown}
 r - 2 potions of invisibility {unknown}
 t - 3 potions of brilliance {unknown}
 u - a potion of lignification {unknown}
 z - a potion of degeneration {unknown}
Comestibles
 c - 16 rations
 A - a chunk of flesh


   Skills:
 + Level 7.9 Fighting
 + Level 6.5 Axes
 + Level 7.5 Armour
 + Level 5.7 Dodging


You had 8 spell levels left.
You didn't know any spells.
Your spell library was empty.

Dungeon Overview and Level Annotations

Branches:
Dungeon (8/15)             Temple (1/1) D:4
   Lair: D:8-11

Altars:
Dithmenos
Fedhas
Hepliaklqana
Kikubaaqudgha
Makhleb
Nemelex Xobeh
Ru
Yredelemnul
The Shining One

Annotations:
D:8 Harold, Joseph


Innate Abilities, Weirdness & Mutations

You are resistant to torment.
Your stone body is resilient. (AC +6)
You are immune to poison.
You resist negative energy. (rN+)
You are resistant to electric shocks. (rElec)
You can survive without breathing.
You are immune to petrification.
You are immune to rotting.


Message History

You barely miss the kobold. You closely miss the big kobold.
Your chain mail prevents you from hitting Harold.
The orc priest hits you but does no damage.
The kobold barely misses you.
Harold hits you with a cursed +0 short sword!
Joseph hits you but does no damage.
The big kobold hits you but does no damage.
The kobold hits you but does no damage.
The orc priest hits you but does no damage.
The kobold barely misses you.
Harold hits you with a cursed +0 short sword.
* * * LOW HITPOINT WARNING * * *
You are too injured to fight recklessly!
The big kobold hits you but does no damage.
Joseph hits you with a +0 quarterstaff.
* * * LOW HITPOINT WARNING * * *
The kobold barely misses you.
The orc priest calls down the wrath of Beogh upon you.
Beogh smites you!
You die...

# ##. #..###
### ##.....
... #......
..#
......K##..#
.....co@@.#
%..Y.oKK@.#
......oJ.>.#
...$...###...
...o..# #..#
#.?... ..#
#..... ##
#o....


You could see Harold, Joseph, a sky beast, a big kobold, a centaur, a jelly, an
orc priest, 2 orc wizards, 2 orcs and 2 kobolds.

Vanquished Creatures
  A hippogriff (D:7)
  A spriggan (D:7)
  Sigmund (D:6)
  Menkaure (D:5)
  An orc warrior (D:6)
  An ice beast (D:5)
  A sky beast (D:7)
  2 black bears
  3 phantoms
  2 centaurs
  A crocodile (Sewer)
  2 ogres
  2 bullfrogs (D:7)
  A scorpion (D:7)
  A howler monkey (D:6)
  A crimson imp (D:7)
  A hound (D:7)
  3 orc priests
  A jelly (D:7)
  2 centaur skeletons
  2 bullfrog skeletons
  3 iguanas
  3 orc wizards
  4 worker ants
  2 howler monkey skeletons
  15 gnolls
  3 adders
  2 shadow imps (D:7)
  2 oozes
  An adder skeleton (D:7)
  5 worms
  2 dart slugs
  5 leopard geckos
  26 orcs
  10 giant cockroaches
  2 gnoll zombies (D:7)
  3 goblins
  8 hobgoblins
  8 jackals
  A quokka (D:4)
  17 bats
  3 frilled lizards
  A giant cockroach zombie (D:5)
  15 kobolds
  A quokka skeleton (D:6)
  3 rats
176 creatures vanquished.

Notes
Turn   | Place    | Note
-------+----------+-------------------------------------------
     0 | D:1      | Fang the Gargoyle Berserker began the quest for the Orb.
     0 | D:1      | Reached XP level 1. HP: 14/14 MP: 1/1
    97 | D:1      | Reached XP level 2. HP: 16/19 MP: 2/2
   299 | D:1      | Reached ** piety under Trog
   648 | D:1      | Reached XP level 3. HP: 19/23 MP: 3/3
   987 | D:2      | Reached XP level 4. HP: 27/29 MP: 4/4
  1564 | D:2      | Found a blossoming altar of Fedhas.
  1653 | D:2      | Found a hazy altar of Hepliaklqana.
  2096 | D:3      | Reached XP level 5. HP: 25/33 MP: 5/5
  2207 | D:3      | Reached *** piety under Trog
  2530 | D:3      | Found a glowing drain.
  2551 | Sewer    | Entered a sewer
  2824 | Sewer    | Noticed a crocodile
  2835 | Sewer    | Killed a crocodile
  2835 | Sewer    | Reached XP level 6. HP: 32/39 MP: 6/6
  3349 | D:4      | Found a staircase to the Ecumenical Temple.
  3378 | D:4      | Noticed a phantom
  3439 | Temple   | Entered the Ecumenical Temple
  3596 | D:4      | Killed a phantom
  3639 | D:4      | Reached skill level 5 in Fighting
  3775 | D:4      | Reached XP level 7. HP: 41/44 MP: 7/7
  4301 | D:5      | Entered Level 5 of the Dungeon
  4720 | D:5      | Reached skill level 5 in Armour
  4735 | D:5      | Noticed Menkaure
  4740 | D:5      | Killed Menkaure
  4740 | D:5      | Reached **** piety under Trog
  4740 | D:5      | Reached XP level 8. HP: 27/51 MP: 8/8
  5023 | D:5      | Reached skill level 5 in Axes
  5617 | D:6      | Noticed Sigmund
  5633 | D:6      | Killed Sigmund
  5684 | D:6      | Found a shadowy altar of Dithmenos.
  5799 | D:6      | Found a burning altar of Makhleb.
  5800 | D:6      | Found a sparkling altar of Nemelex Xobeh.
  5800 | D:6      | Found a sacrificial altar of Ru.
  5818 | D:6      | Reached XP level 9. HP: 24/56 MP: 9/9
  5819 | D:6      | Found a glowing golden altar of the Shining One.
  6243 | D:6      | Found an ancient bone altar of Kikubaaqudgha.
  6324 | D:7      | Reached skill level 5 in Dodging
  6592 | D:7      | Reached ***** piety under Trog
  6872 | D:7      | Found a basalt altar of Yredelemnul.
  7034 | D:7      | Got a warped wooden ring
  7311 | D:8      | Noticed Joseph
  7311 | D:8      | Noticed Harold
  7322 | D:8      | Killed from afar by an orc priest

Skill      XL: |  1  2  3  4  5  6  7  8  9 |
---------------+----------------------------+-----
Axes           | 3 4 5 6 |  6.5
Dodging        | 2 3 4 5 |  5.7
Armour         | 3 4 5 6 7 |  7.5
Fighting       | 4 5 6 7 |  7.9

Action                   |  1- 3 |  4- 6 |  7- 9 || total
-------------------------+-------+-------+-------++-------
Melee: Hand axe          |    87 |   102 |       ||   189
       War axe           |       |   131 |   399 ||   530
Invok: Berserk           |     1 |     4 |     5 ||    10
  Eat: Chunk             |       |    14 |    16 ||    30
Armor: Animal skin       |    35 |    63 |       ||    98
       Chain mail        |       |    76 |   307 ||   383
Dodge: Dodged            |    64 |   162 |   242 ||   468
